 Dungeon Crawl Stone Soup version 0.27.0-65-ge2af304b15 (webtiles) character file.

Game seed: 13498025752297311114

1643 pkoi the Shield-Bearer (level 9, 0/63 HPs)
             Began as a Formicid Fighter on Aug 18, 2021.
             Was a Priest of Hepliaklqana.
             Slain by an iguana (8 damage)
             ... on level 6 of the Dungeon.
             The game lasted 00:07:28 (5294 turns).

pkoi the Shield-Bearer (Formicid Fighter)           Turns: 5294, Time: 00:07:28

Health: 0/63       AC:  9    Str: 23    XL:     9   Next: 19%
Magic:  9/9        EV:  9    Int:  9    God:    Hepliaklqana [***...]
Gold:   281        SH:  0    Dex: 10    Spells: 8/8 levels left

rFire    . . .     SeeInvis +   a - +0 war axe (elec)
rCold    . . .     Faith    .   c - +0 kite shield
rNeg     . . .     Spirit   .   b - +0 scale mail
rPois    .         Reflect  .   (helmet unavailable)
rElec    .         Harm     .   (no cloak)
rCorr    .         Rampage  .   (no gloves)
Will     .....                  j - +0 pair of boots
Stlth    ..........             (no amulet)
HPRegen  0.20/turn              (no ring)
MPRegen  0.11/turn              (no ring)

@: confused, ambrosia-drunk
A: reduced essence, permanent stasis, dig shafts and tunnels, antennae 3, four
strong arms
a: Dig, Shaft Self, Renounce Religion, Recall Ancestor, Ancestor Identity,
Transference


You were on level 6 of the Dungeon.
You worshipped Hepliaklqana.
Hepliaklqana was most pleased with you.
You visited 1 branch of the dungeon, and saw 6 of its levels.

You collected 281 gold pieces.

Inventory:

Hand Weapons
 a - a +0 war axe of electrocution (weapon)
Missiles
 k - a throwing net
Armour
 b - a +0 scale mail (worn)
 c - a +0 kite shield (worn)
 j - a +0 pair of boots (worn)
Jewellery
 f - a +6 ring of strength
 n - a ring of fire
Wands
 l - a wand of charming (13)
 m - a wand of polymorph (10)
 o - a wand of digging (4)
 p - a wand of acid (5)
Scrolls
 g - 4 scrolls of identify
 q - a scroll of acquirement {unknown}
Potions
 d - a potion of might
 h - 3 potions of magic


   Skills:
 + Level 6.9 Fighting
 + Level 5.7 Axes
 + Level 6.9 Armour
 + Level 7.5 Shields


You had 8 spell levels left.
You didn't know any spells.
Your spell library contained the following spells:

 Spells                   Type           Power      Damage    Failure   Level
 Animate Skeleton         Necr           0%         N/A       77%         1
 Corpse Rot               Necr/Air       N/A        N/A       88%         2
 Poisonous Vapours        Pois/Air       0%         N/A       88%         2
 Freezing Cloud           Conj/Ice/Air   0%         6-21      100%        5


Dungeon Overview and Level Annotations

Branches:
Dungeon (6/15)
 Temple: D:4-7

Altars:
Hepliaklqana
Kikubaaqudgha
Sif Muna
Vehumet

Shops:
D:1 (=[([   D:2 (   D:5 :(?


Innate Abilities, Weirdness & Mutations

Your life essence is reduced to manifest your ancestor. (-10% HP)
You cannot be hasted, slowed, berserked, paralysed or teleported.
You can dig through walls and to a lower floor.
You have a pair of large antennae on your head. (SInv)
Your four strong arms can wield two-handed weapons with a shield.


Message History

You bump into the rock wall.
The sentinel's mark upon you fades away.
The kobold brigand closely misses you. The steam dragon barely misses you.
The steam dragon closely misses you.
You closely miss the kobold brigand. You hit the steam dragon.
Lightning courses through the steam dragon!
You kill the steam dragon!
The steam dragon scales are intact enough to wear.
The kobold brigand hits you with a +0 whip.
* * * LOW HITPOINT WARNING * * *
The iguana bites you!
* * * LOW HITPOINT WARNING * * *
Unknown command.
You hit the kobold brigand.
The kobold brigand is lightly wounded.
You closely miss the iguana.
The kobold brigand hits you with a +0 whip.
* * * LOW HITPOINT WARNING * * *
The iguana bites you.
* * * LOW HITPOINT WARNING * * *
The kobold brigand completely misses you.
Okay, then.
Unknown command.
You are too confused!
Okay, then.
Unknown command.
You bump into the rock wall.
The iguana bites you but does no damage.
The kobold brigand hits you with a +0 whip.
* * * LOW HITPOINT WARNING * * *
Unknown command.
You closely miss the kobold brigand.
The kobold brigand is lightly wounded.
You closely miss the iguana. The iguana bites you!
* * * LOW HITPOINT WARNING * * *
The kobold brigand hits you but does no damage.
Unknown command.
Unknown command.
You bump into the rock wall.
The iguana bites you!
You die...

#.########.Z......
............######
#.#########.# #K#
#<#.# #K# #.#.# {
#######K#######.#D#
......KKK....##.#.#
#######K####.##.#.#
#@##.R.##.#{#
#l##.####.#.#
#S##.R....#.#
####.#########)#
#.....ยง....l...#
#.##.###########
#....# ####.# ###


You could see a kobold brigand, an iguana, an adder and 6 kobolds.

Vanquished Creatures
  A steam dragon (D:6)
  Menkaure (D:5)
  An ice beast (D:5)
  An ogre (D:6)
  A centaur (D:5)
  A water moccasin skeleton (D:2)
  2 wights (D:5)
  A howler monkey (D:5)
  2 hounds
  An iguana (D:5)
  4 orc wizards (D:5)
  A killer bee zombie (D:5)
  4 adders
  An adder zombie (D:5)
  2 dart slugs
  4 orcs
  4 endoplasms
  5 giant cockroaches
  6 goblins
  A hobgoblin (D:4)
  3 jackals (D:2)
  2 kobolds
  3 quokkas
  A ball python (D:3)
  4 bats (D:1)
  3 rats
60 creatures vanquished.

Vanquished Creatures (collateral kills)
  A black bear (D:5)
  An ogre (D:3)
  A scorpion (D:5)
  2 wights (D:5)
  A bullfrog skeleton (D:6)
  A jelly (D:4)
  A centaur skeleton (D:4)
  2 orc priests (D:4)
  5 orc wizards (D:5)
  A scorpion zombie (D:5)
  3 gnolls (D:4)
  3 adders
  An ufetubus (D:5)
  2 worms (D:2)
  A dart slug (D:1)
  2 orcs
  4 bats
  An endoplasm (D:4)
  6 goblins
  2 hobgoblins (D:4)
  3 ball pythons
  A kobold (D:2)
  A rat (D:2)
46 creatures vanquished.

Vanquished Creatures (others)
  A battlemage (D:6)
  A quokka (D:5)
  An ancestor (D:1)
3 creatures vanquished.

Grand Total: 109 creatures vanquished

Notes
Turn   | Place    | Note
-------+----------+-------------------------------------------
     0 | D:1      | pkoi the Formicid Fighter began the quest for the Orb.
     0 | D:1      | Reached XP level 1. HP: 18/18 MP: 1/1
    51 | D:1      | Found Eroof's Armour Shoppe.
    72 | D:1      | Found Gibit's Jewellery Shop.
   104 | D:1      | Found Estozaec's Weapon Shoppe.
   169 | D:1      | Found a faded altar of an unknown god.
   170 | D:1      | Noticed a floating eye
   172 | D:1      | Noticed a floating eye
   172 | D:1      | Noticed a great orb of eyes
   172 | D:1      | Noticed a shining eye
   184 | D:1      | Became a worshipper of Hepliaklqana the Forgotten
   184 | D:1      | Reached * piety under Hepliaklqana
   253 | D:1      | Found Zeucher's Weapon Shop.
   275 | D:1      | Reached XP level 2. HP: 18/21 MP: 2/2
   331 | D:1      | Found Boih's Antique Armour Shop.
   815 | D:1      | Reached skill level 4 in Shields
   815 | D:1      | Reached XP level 3. HP: 26/26 MP: 3/3
  1176 | D:2      | Reached XP level 4. HP: 8/33 MP: 4/4
  1685 | D:2      | Found Xikerph's Antique Weapon Shop.
  1697 | D:2      | Reached XP level 5. HP: 21/37 MP: 5/5
  2177 | D:3      | Reached ** piety under Hepliaklqana
  2178 | D:3      | Remembered your ancestor Matia as a battlemage
  2727 | D:3      | Noticed an ogre
  2732 | D:3      | Killed an ogre
  2733 | D:3      | Reached XP level 6. HP: 18/44 MP: 6/6
  2734 | D:3      | Reached skill level 5 in Shields
  3316 | D:4      | Reached XP level 7. HP: 46/49 MP: 7/7
  3346 | D:4      | Reached skill level 5 in Armour
  3349 | D:4      | Reached skill level 5 in Fighting
  3773 | D:5      | Entered Level 5 of the Dungeon
  3814 | D:5      | Found Zestusi's Magic Scroll Boutique.
  3896 | D:5      | Reached *** piety under Hepliaklqana
  4045 | D:5      | Reached skill level 6 in Shields
  4052 | D:5      | Reached XP level 8. HP: 33/56 MP: 8/8
  4401 | D:5      | Found Seyjiots's Antique Weapon Boutique.
  4576 | D:5      | Reached skill level 5 in Axes
  4608 | D:5      | Noticed Menkaure
  4612 | D:5      | Killed Menkaure
  4860 | D:5      | Found Apyuw's Book Emporium.
  4958 | D:5      | Reached skill level 7 in Shields
  5080 | D:5      | Found a shimmering blue altar of Sif Muna.
  5088 | D:5      | Found an ancient bone altar of Kikubaaqudgha.
  5100 | D:5      | Reached XP level 9. HP: 63/63 MP: 9/9
  5102 | D:5      | Got Kikubaaqudgha's Handbook of the Centipede
  5119 | D:5      | Found a radiant altar of Vehumet.
  5282 | D:6      | HP: 1/63 [kobold (5)]
  5291 | D:6      | HP: 2/63 [iguana (6)]
  5294 | D:6      | Slain by an iguana

Illustrated notes

Levels and vault maps discovered:
D:1:      dpeg_arrival_three_same_balls, layout_loops_ring,
          hellmonk_ecumenical_altar_watching_god, serial_shops, shop,
          shop_fountains, nicolae_shop_statue_plus, shop, nicolae_square_shop
D:2:      layout_basic, serial_shops, shop_statue
D:3:      layout_loops_corners
D:4:      layout_cave_pools, minivault_5
D:5:      layout_basic, palyth_temple_overflow_mages, serial_shops,
          nicolae_shop_trees, nicolae_shop_waterfront, nicolae_square_shop,
          minmay_bent, uniq_menkaure
D:6:      layout_basic

Skill      XL: |  1  2  3  4  5  6  7  8 |
---------------+-------------------------+-----
Shields        | 4 5 6 7 |  7.5
Fighting       | 4 5 6 |  6.9
Armour         | 4 5 6 |  6.9
Axes           | 3 4 5 |  5.7

Action                   |  1- 3 |  4- 6 |  7- 9 || total
-------------------------+-------+-------+-------++-------
Melee: War axe           |    89 |    65 |    84 ||   238
Invok: Ancestor Life: Ba |       |     1 |       ||     1
       Recall Ancestor   |       |       |     1 ||     1
  Use: Scroll            |       |     3 |     5 ||     8
       Potion            |       |       |     2 ||     2
 Stab: Distracted        |       |     3 |       ||     3
Armor: Scale mail        |    61 |    35 |    37 ||   133
Dodge: Dodged            |    37 |    31 |    44 ||   112
Block: Kite shield       |    70 |    34 |    40 ||   144
